 Dungeon Crawl Stone Soup version 0.27.0-1-g7a089689b8 (webtiles) character file.

Game seed: 429892963474502727

910 BubbleThief the Poker (level 7, -6/56 HPs)
             Began as a Demonspawn Gladiator on Aug 9, 2021.
             Was a Follower of Yredelemnul.
             Mangled by a yak (11 damage)
             ... on level 4 of the Dungeon.
             The game lasted 00:08:18 (4296 turns).

BubbleThief the Poker (Demonspawn Gladiator)        Turns: 4296, Time: 00:08:19

Health: -6/56      AC:  8    Str: 16    XL:     7   Next: 81%
Magic:  7/7        EV: 12    Int: 22    God:    Yredelemnul [*.....]
Gold:   140        SH:  8    Dex: 14    Spells: 6/6 levels left

rFire    + . .     SeeInvis .   a - +1 trident
rCold    . . .     Faith    .   (no shield)
rNeg     . . .     Spirit   .   i - +2 robe {rF+}
rPois    .         Reflect  .   c - +0 helmet
rElec    .         Harm     .   f - +2 cloak
rCorr    .         Rampage  .   (no gloves)
Will     .....                  (no boots)
Stlth    +.........             (no amulet)
HPRegen  0.18/turn              n - +6 ring of intelligence
MPRegen  0.10/turn              v - +6 ring of intelligence

@: no status effects
A: hooves 1, large bone plates 1, condensation shield, demonic magic 1
a: Renounce Religion, Animate Remains


You were on level 4 of the Dungeon.
You worshipped Yredelemnul.
Yredelemnul was aware of your devotion.
You visited 1 branch of the dungeon, and saw 5 of its levels.
You also visited: Sewer.

You collected 140 gold pieces.

Inventory:

Hand Weapons
 a - a +1 trident (weapon)
Missiles
 d - 2 throwing nets (quivered)
 s - 23 poisoned darts
 u - 5 javelins
Armour
 c - a +0 helmet (worn)
 f - a +2 cloak (worn)
 i - a +2 robe of fire resistance (worn)
 l - a +2 kite shield
Jewellery
 n - a +6 ring of intelligence (left hand)
 v - a +6 ring of intelligence (right hand)
Wands
 m - a wand of polymorph (9)
 o - a wand of iceblast (9)
 t - a wand of digging (6)
Scrolls
 g - a scroll of identify
Potions
 b - a potion of brilliance
 e - a potion of might
 h - 4 potions of heal wounds
 j - 2 potions of mutation
 k - a potion of lignification {unknown}
 p - a potion of flight {unknown}
 q - a potion of curing {unknown}
 r - a potion of attraction {unknown}


   Skills:
 + Level 5.4 Fighting
 * Level 7.2 Polearms
 - Level 1.7 Throwing
 - Level 2.6 Dodging


You had 6 spell levels left.
You didn't know any spells.
Your spell library contained the following spells:

 Spells                   Type           Power      Damage    Failure   Level
 Corpse Rot               Necr/Air       N/A        N/A       26%         2
 Poisonous Vapours        Pois/Air       0%         N/A       26%         2
 Freezing Cloud           Conj/Ice/Air   0%         6-21      99%         5


Dungeon Overview and Level Annotations

Branches:
Dungeon (5/15)              Sewer (visited)
 Temple: D:4-7

Altars:
Elyvilon
Yredelemnul


Innate Abilities, Weirdness & Mutations

You have large cloven feet.
You are partially covered in large bone plates. (SH +4)
A meltable shield of frost defends you. (SH +4)
Spells you cast may paralyse adjacent enemies.


Message History

You climb downwards.
The yak gores you but does no damage. The yak gores you!
There is a stone staircase leading up, spattered with blood here.
Unknown command.
You hit the yak but do no damage. Your kick misses the yak. The yak gores you!
You completely miss the yak. You kick the yak.
The yak is lightly wounded.
The yak barely misses you.
You puncture the yak! You kick the yak, but do no damage.
The yak is moderately wounded.
The yak barely misses you.
You hit the yak but do no damage.
The yak is moderately wounded.
You puncture the yak! You kick the yak.
The yak is heavily wounded.
The yak barely misses you.
You hit the yak but do no damage. You kick the yak, but do no damage.
The yak is heavily wounded.
The yak gores you!
You are too injured to fight recklessly!
You are too injured to fight recklessly!
You are too injured to fight recklessly!
You hit the yak. You kick the yak, but do no damage.
The yak is severely wounded.
The yak gores you.
You hit the yak. You kick the yak, but do no damage.
The yak is severely wounded.
The yak gores you.
You hit the yak but do no damage. You kick the yak, but do no damage.
The yak is severely wounded.
The yak gores you!
* * * LOW HITPOINT WARNING * * *
You barely miss the yak. You kick the yak, but do no damage.
The yak is severely wounded.
The yak gores you.
* * * LOW HITPOINT WARNING * * *
You hit the yak but do no damage. You kick the yak, but do no damage.
The yak is severely wounded.
The yak gores you!
You die...
Your body rises from the dead as a mindless zombie.

.###### ######.>...######..... ##
#.......#### ##...#. ###
###.....#### #....≈≈
#.##########...#...[..#####.#...≈
..##..........##.#..#.......##..≈
..##..........##.##..#####......≈
..##..........##.###.######.##.≈.
#..####.#..#####.# #.....##.##.≈≈
##...##.#..###.Y@# #####....##...
####..#.##..#..### ####.#..≈≈
##.#.##....## #.#.#..
#####...###.<## #...#.. ....##..#
##.### #..###. ........## #...###
#...... ....###..# #.....#
#..#..# #.### ##.# #..##.##
#####.....# #.#
#.###...#..#####.......###


You could see a yak.

Vanquished Creatures
  2 yaks (D:5)
  Purgy (Sewer)
  An ogre (D:4)
  A centaur (D:5)
  A centaur zombie (D:5)
  Crazy Yiuf (D:4)
  A bullfrog skeleton (D:5)
  Jessica (D:2)
  2 iguanas
  A hound zombie (D:3)
  9 adders
  A white imp (D:5)
  An ufetubus (D:4)
  2 adder zombies (D:3)
  4 worms
  10 orcs (D:4)
  2 endoplasms
  7 giant cockroaches
  4 goblins
  10 hobgoblins
  4 jackals (D:4)
  13 kobolds
  A quokka (D:2)
  3 ball pythons
  3 bats
  3 frilled lizards
  A giant cockroach zombie (D:3)
  7 rats
97 creatures vanquished.

Notes
Turn   | Place    | Note
-------+----------+-------------------------------------------
     0 | D:1      | BubbleThief the Demonspawn Gladiator began the quest for
                  | the Orb.
     0 | D:1      | Reached XP level 1. HP: 16/16 MP: 1/1
   110 | D:1      | Reached skill level 3 in Polearms
   111 | D:1      | Gained mutation: You have large cloven feet. [demonic
                  | ancestry]
   111 | D:1      | Reached XP level 2. HP: 11/22 MP: 2/2
   712 | D:1      | Found a faded altar of an unknown god.
   746 | D:2      | Gained mutation: Spells you cast may paralyse adjacent
                  | enemies. [demonic ancestry]
   746 | D:2      | Reached XP level 3. HP: 28/28 MP: 3/3
  1166 | D:2      | Noticed Jessica
  1169 | D:2      | Killed Jessica
  1170 | D:2      | Reached skill level 4 in Polearms
  1170 | D:2      | Gained mutation: You are partially covered in large bone
                  | plates. (SH +4) [demonic ancestry]
  1170 | D:2      | Reached XP level 4. HP: 30/35 MP: 4/4
  1721 | D:3      | Found a basalt altar of Yredelemnul.
  1878 | D:3      | Became a worshipper of Yredelemnul the Dark
  2354 | D:4      | Reached XP level 5. HP: 41/41 MP: 5/5
  2515 | D:4      | Noticed an ogre
  2538 | D:4      | Killed an ogre
  2539 | D:4      | Reached skill level 5 in Polearms
  2714 | D:4      | Reached XP level 6. HP: 41/48 MP: 6/6
  2792 | D:4      | Found a glowing drain.
  2825 | Sewer    | Entered a sewer
  2836 | Sewer    | Noticed Purgy
  2861 | Sewer    | Reached * piety under Yredelemnul
  2957 | Sewer    | Killed Purgy
  3238 | D:4      | Found a runed translucent door.
  3239 | D:4      | Noticed Crazy Yiuf
  3403 | D:4      | Killed Crazy Yiuf
  3404 | D:4      | Reached skill level 6 in Polearms
  3451 | D:5      | Entered Level 5 of the Dungeon
  3475 | D:5      | Gained mutation: A meltable shield of frost defends you.
                  | (SH +4) [demonic ancestry]
  3475 | D:5      | Reached XP level 7. HP: 49/55 MP: 7/7
  3705 | D:5      | Noticed a yak
  3705 | D:5      | Noticed a yak
  3705 | D:5      | Noticed a yak
  3706 | D:5      | Noticed a yak
  3706 | D:5      | Noticed a yak
  3708 | D:5      | Noticed a yak
  4020 | D:5      | Killed a yak
  4021 | D:5      | Reached skill level 5 in Fighting
  4033 | D:5      | Killed a yak
  4034 | D:5      | Reached skill level 7 in Polearms
  4296 | D:4      | Mangled by a yak

Illustrated notes

Levels and vault maps discovered:
D:1:      dpeg_arrival_rhombi, layout_rooms, dilly_ecumenical_altar_fadedgnrine
D:2:      layout_loops_ring, grunt_ministairs_14, uniq_jessica
D:3:      layout_loops_cross, nicolae_yredelemnul_corpse_copse,
          kennysheep_another_room
D:4:      layout_rooms, elyvilon_altar_4, gup_sewer_entry_glass,
          chequers_serial_rivers_small_3, uniq_crazy_yiuf_cottage
D:5:      layout_loops_ring, gammafunk_temple_overflow_elements

Skill      XL: |  1  2  3  4  5  6  7 |
---------------+----------------------+-----
Polearms       | 3 4 5 6 7 |  7.2
Fighting       | 3 4 5 |  5.4
Throwing       | |  1.7
Dodging        | |  2.6

Action                   |  1- 3 |  4- 6 |  7- 9 || total
-------------------------+-------+-------+-------++-------
Melee: Trident           |   102 |   186 |    66 ||   354
       Kick              |    14 |    40 |    30 ||    84
Throw: Throwing net      |     3 |     3 |       ||     6
       Dart              |       |    11 |       ||    11
  Use: Scroll            |       |     9 |       ||     9
 Stab: Sleeping          |     1 |     4 |       ||     5
       Held in net/web   |       |     3 |       ||     3
Armor: Leather armour    |    23 |       |       ||    23
       Robe              |       |    48 |    12 ||    60
Dodge: Dodged            |    40 |    81 |    18 ||   139
Block: Other             |       |    23 |    17 ||    40
